 Dungeon Crawl Stone Soup version 0.23-a0-136-g722f094350 (webtiles) character file.

28326 Napalmbreeze the Thaumaturge (level 13, -21/78 HPs)
             Began as a Deep Elf Fire Elementalist on Aug 28, 2018.
             Was a High Priest of Vehumet.
             Demolished by Rupert
             ... wielding a +8 great mace of crushing
              (31 damage)
             ... on level 5 of the Lair of Beasts.
             The game lasted 01:36:07 (23843 turns).

Napalmbreeze the Thaumaturge (DEFE)                Turns: 23843, Time: 01:36:08

Health: -21/78     AC: 11    Str:  5      XL:     13   Next: 9%
Magic:  23/32      EV: 15    Int: 24 (26) God:    Vehumet [*****.]
Gold:   1006       SH:  0    Dex: 14 (15) Spells: 9/39 levels left

rFire    . . .     SeeInvis .   L - staff of summoning
rCold    + . .     Gourm    .   (no shield)
rNeg     + . .     Faith    .   J - +2 robe
rPois    +         Spirit   .   B - +0 helmet
rElec    .         Reflect  .   P - +2 cloak {rPois}
rCorr    .         Harm     .   x - +0 pair of gloves
MR       +....                  I - +1 pair of boots {Fly}
Stlth    ++........             (no amulet)
HPRegen  0.23/turn              w - ring of positive energy
MPRegen  0.23/turn              R - ring of protection from cold

@: flying
A: no striking features
a: Renounce Religion, Stop Flying


You were on level 5 of the Lair of Beasts.
You worshipped Vehumet.
Vehumet was extremely pleased with you.
You were not hungry.

You visited 3 branches of the dungeon, and saw 16 of its levels.
You also visited: Ice Cave.

You collected 1006 gold pieces.

Inventory:

Hand Weapons
 t - a +3 scimitar of slicing
Armour
 o - the +0 cloak of the Moneychanger {rF++}
   (You acquired it on level 3 of the Lair of Beasts)

   It greatly protects you from fire.
 x - a +0 pair of gloves (worn)
 B - a +0 helmet (worn)
 D - a +0 buckler
 I - a +1 pair of boots of flying (worn)
 J - a +2 robe (worn)
 K - the +3 scale mail "Wemygoub" {+Inv rF+ rCorr Str+4}
   (You took it off a gnoll sergeant on level 7 of the Dungeon)

   It affects your strength (+4).
   It protects you from fire.
   It lets you turn invisible.
   It provides partial protection from all sources of acid and corrosion.
 P - a +2 cloak of poison resistance (worn)
Magical Staves
 L - an uncursed staff of summoning (weapon)
Jewellery
 w - a ring of positive energy (left hand)
 y - an uncursed amulet of magic regeneration {unknown}
 R - a ring of protection from cold (right hand)
Wands
 a - a wand of flame (54)
 n - a wand of polymorph (17)
 v - a wand of enslavement (18)
 z - a wand of iceblast (8)
 F - a wand of acid (9)
Scrolls
 b - 8 scrolls of teleportation
 i - a scroll of identify
 m - 2 scrolls of magic mapping
 s - 5 scrolls of enchant armour
 C - 7 scrolls of remove curse
 E - 3 scrolls of enchant weapon
Potions
 d - 3 potions of might
 e - 2 potions of ambrosia
 f - 2 potions of flight
 g - 3 potions of brilliance
 h - a potion of lignification
 j - 3 potions of haste
 k - 3 potions of heal wounds
 l - a potion of berserk rage
 p - 2 potions of agility
 r - a potion of cancellation
 u - a potion of mutation
 A - 5 potions of curing
Comestibles
 c - 24 rations


   Skills:
 * Level 8.0 Fighting
 - Level 5.1 Dodging
 - Level 2.4 Stealth
 + Level 13.6 Spellcasting
 + Level 12.0 Conjurations
 - Level 8.0 Hexes
 - Level 8.0 Summonings
 - Level 10.0 Fire Magic


You had 9 spell levels left.
You knew the following spells:

 Your Spells              Type           Power        Failure   Level  Hunger
a - Flame Tongue          Conj/Fire      #####        1%          1    None
b - Orb of Destruction    Conj           ######....   6%          7    ######.
c - Confuse               Hex            ######..     1%          3    None
d - Conjure Flame         Conj/Fire      ######..     1%          3    None
e - Fireball              Conj/Fire      ######....   1%          5    ###....
f - Sticky Flame          Conj/Fire      ######..     1%          4    None
q - Summon Mana Viper     Hex/Summ       ######..     3%          5    ###....
s - Throw Flame           Conj/Fire      ######       1%          2    None

Your spell library contained the following spells:

 Spells                   Type           Power        Failure   Level  Hunger
 Confusing Touch          Hex            ######       1%          1    None
 Summon Butterflies       Summ           ######..     1%          1    None
 Summon Small Mammal      Summ           ####         1%          1    None
 Call Imp                 Summ           ######..     1%          2    None
 Call Canine Familiar     Summ           ######..     1%          3    None
 Inner Flame              Hex/Fire       ######..     1%          3    None
 Summon Guardian Golem    Hex/Summ       ######..     1%          3    None
 Animate Skeleton         Necr           N/A          3%          1    None
 Apportation              Tloc           ###...       3%          1    None
 Yara's Violent Unravell  Hex/Tmut       #####.....   5%          5    ###....
 Summon Ice Beast         Ice/Summ       ######..     7%          4    None
 Summon Lightning Spire   Summ/Air       ######..     7%          4    None
 Gell's Gravitas          Tloc           ###.......   11%         3    None
 Metabolic Englaciation   Hex/Ice        #####.....   19%         5    ###....
 Petrify                  Tmut/Erth      ###.....     36%         4    None
 Summon Hydra             Summ           ######....   75%         7    ######.


Dungeon Overview and Level Annotations

Branches:
Dungeon (10/15)            Temple (1/1) D:5            Lair (5/6) D:10
 Shoals (0/4) Lair:3        Snake (0/4) Lair:3          Orc (0/2) D:10
  Slime: Lair:5-6

Altars:
Ashenzari
Cheibriados
Dithmenos
Elyvilon
Fedhas
Gozag
Hepliaklqana
Kikubaaqudgha
Qazlal
Ru
Sif Muna
Uskayaw
Vehumet
Xom
Yredelemnul
Zin
The Shining One
Beogh

Annotations:
D:9 Gastronok
Lair:5 Rupert


Message History

Here: Rupert, wielding a great mace of crushing and wearing a chain mail The floor.
Casting: Confuse (safe; 1% risk of failure)
Confirm with . or Enter, or press ? or * to list all spells.
Okay, then.
Casting: Confuse (safe; 1% risk of failure)
Confirm with . or Enter, or press ? or * to list all spells.
Aiming: Confuse (safe; 1% risk of failure)
Press: ? - help, Shift-Dir - straight line, f - Rupert
Aim: Rupert, wielding a great mace of crushing and wearing a chain mail
Okay, then.
As you read the scroll labeled XOKA TYEMITT, it crumbles to dust.
Your body is wracked with pain!
* * * LOW HITPOINT WARNING * * *
Rupert convulses!
Your mana viper convulses! x2
It was a scroll of torment.
Your mana viper completely misses Rupert.
Rupert hits you with a great mace of crushing!!
You die...

..≈≈≈P≈P.≈P≈PP.....##
P..≈P.....P≈.≈.....P#
.P..................#
................P...#
#P..............#..P#
#.............#P##..# ##
##....#.......###..## .###
#..........#....<...#....
......#..#....##@.......
....#..##...P...@.##..#.
.....#.###..P...S###.##
.....####.......S.#.#.#.##
.....##PP.#..P............
.......^....####.#.#####..
.....######## ##.P.P#
.#P..# #..PP## (PP.##
#.....##


You could see Rupert (berserk) and 2 friendly mana vipers.

Vanquished Creatures
  Josephine (D:9)
  An unseen horror (D:10)
  Pikel (D:6)
  2 ugly things (IceCv)
  4 elephants (Lair:4)
  2 ice statues (IceCv)
  A merfolk siren (Lair:3)
  Maurice (D:10)
  3 spiny frogs
  3 komodo dragons
  4 blink frogs (Lair:1)
  5 hippogriffs
  4 wraiths
  19 yaks
  A wyvern (D:10)
  5 hogs
  2 basilisks
  A human (D:10)
  A hungry ghost (D:8)
  2 nagas (Lair:3)
  4 water moccasins
  8 porcupines
  Duvessa (D:6)
  7 orc warriors
  18 ice beasts
  3 sky beasts
  4 slaves (D:6)
  3 ogres
  2 centaurs
  8 crocodiles
  A big kobold (D:10)
  8 bullfrogs
  A gnoll sergeant (D:7)
  Dowan (D:6)
  4 scorpions
  3 killer bees (D:10)
  3 wights (D:8)
  2 electric eels (D:7)
  3 crimson imps
  A jelly (D:6)
  A bullfrog zombie (D:8)
  6 orc priests
  A gnoll shaman (D:7)
  5 hounds
  2 centaur skeletons
  Terence (D:2)
  8 orc wizards
  Natasha (thrice) (D:3)
  4 iguanas
  7 worker ants
  Robin (D:2)
  12 gnolls
  10 adders
  2 shadow imps
  An ooze (D:4)
  An adder skeleton (D:8)
  4 worms
  12 dart slugs
  6 leopard geckos
  44 orcs
  14 bats
  3 giant cockroaches
  18 goblins
  11 hobgoblins
  8 jackals
  5 quokkas
  15 frilled lizards
  10 kobolds
  8 rats
  2 plants
373 creatures vanquished.

Vanquished Creatures (collateral kills)
  Kirke (Lair:5)
  6 hydras
  A death yak (Lair:2)
  2 elephants (Lair:4)
  An ice statue (IceCv)
  A torpor snail (Lair:2)
  4 spiny frogs (Lair:3)
  2 black mambas
  2 komodo dragons (Lair:3)
  A polar bear (Lair:5)
  2 blink frogs (Lair:5)
  A hippogriff (Lair:2)
  A wyvern (Lair:1)
  8 yaks
  A basilisk (Lair:5)
  2 hogs (Lair:5)
  A naga (Lair:3)
  2 water moccasins
  A porcupine (Lair:5)
  5 crocodiles
  4 bullfrogs
  An electric eel (Lair:5)
50 creatures vanquished.

Vanquished Creatures (others)
  15 fungi
  8 plants
23 creatures vanquished.

Grand Total: 446 creatures vanquished

Notes
Turn   | Place    | Note
-------+----------+-------------------------------------------
     0 | D:1      | Napalmbreeze the Deep Elf Fire Elementalist began the quest
                  | for the Orb.
     0 | D:1      | Reached XP level 1. HP: 10/10 MP: 6/6
   433 | D:1      | Reached XP level 2. HP: 15/15 MP: 4/8
   579 | D:1      | Learned a level 2 spell: Throw Flame
   981 | D:1      | Reached XP level 3. HP: 19/19 MP: 8/10
   990 | D:1      | Learned a level 3 spell: Conjure Flame
  2002 | D:2      | Noticed Terence
  2124 | D:2      | Killed Terence
  2124 | D:2      | Reached skill level 4 in Spellcasting
  2124 | D:2      | Reached XP level 4. HP: 24/24 MP: 4/12
  2413 | D:2      | Noticed Robin
  2765 | D:2      | Killed Robin
  3347 | D:3      | Reached XP level 5. HP: 28/28 MP: 5/13
  3540 | D:3      | Found a snail-covered altar of Cheibriados.
  3853 | D:3      | Noticed Natasha
  3858 | D:3      | Killed Natasha
  4087 | D:3      | Reached XP level 6. HP: 32/32 MP: 11/15
  4216 | D:3      | Noticed Natasha
  4410 | D:3      | Killed Natasha
  4410 | D:3      | Reached skill level 5 in Spellcasting
  4463 | D:3      | Noticed Natasha
  4468 | D:3      | Killed Natasha
  4484 | D:3      | Learned a level 3 spell: Confuse
  4511 | D:4      | Learned a level 4 spell: Sticky Flame
  4679 | D:4      | Reached skill level 5 in Conjurations
  4968 | D:4      | Reached skill level 1 in Hexes
  4968 | D:4      | Reached skill level 5 in Fire Magic
  5472 | D:4      | Reached XP level 7. HP: 36/36 MP: 14/17
  5751 | D:5      | Entered Level 5 of the Dungeon
  5775 | D:5      | Found a staircase to the Ecumenical Temple.
  5792 | Temple   | Entered the Ecumenical Temple
  5799 | Temple   | Became a worshipper of Vehumet
  5991 | D:5      | Found a hazy altar of Hepliaklqana.
  6134 | D:5      | Reached skill level 6 in Spellcasting
  6769 | D:5      | Found a sacrificial altar of Ru.
  6769 | D:5      | Found a shadowy altar of Dithmenos.
  6769 | D:5      | Found a glowing golden altar of the Shining One.
  6769 | D:5      | Found a shimmering altar of Xom.
  6769 | D:5      | Found a shattered altar of Ashenzari.
  6771 | D:5      | Found a basalt altar of Yredelemnul.
  6771 | D:5      | Found a deep blue altar of Sif Muna.
  6772 | D:5      | Found a glowing silver altar of Zin.
  6947 | D:6      | Noticed Duvessa
  6948 | D:6      | Noticed Dowan
  6959 | D:6      | Killed Duvessa
  6965 | D:6      | Killed Dowan
  7186 | D:6      | Noticed a hippogriff
  7195 | D:6      | Killed a hippogriff
  7195 | D:6      | Reached skill level 7 in Spellcasting
  7195 | D:6      | Reached XP level 8. HP: 41/41 MP: 9/20
  7629 | D:6      | Reached skill level 8 in Spellcasting
  7948 | D:6      | Reached skill level 1 in Fighting
  8015 | D:6      | Noticed Pikel
  8328 | D:6      | Reached * piety under Vehumet
  8328 | D:6      | Offered knowledge of Magic Dart by Vehumet.
  8357 | D:6      | Killed Pikel
  8357 | D:6      | Reached XP level 9. HP: 49/49 MP: 2/23
  8476 | D:6      | Learned a level 5 spell: Fireball
  9350 | D:7      | Reached skill level 9 in Spellcasting
  9969 | D:7      | Offered knowledge of Shock by Vehumet.
 10264 | D:7      | Reached ** piety under Vehumet
 10881 | D:7      | Got a twisted scale mail
 10989 | D:8      | Found a blossoming altar of Fedhas.
 11150 | D:8      | Learned a level 5 spell: Summon Mana Viper
 11194 | D:8      | Found a white marble altar of Elyvilon.
 11557 | D:8      | Found an ancient bone altar of Kikubaaqudgha.
 12526 | D:9      | Noticed Gastronok
 12631 | D:9      | Reached skill level 1 in Summonings
 12631 | D:9      | Reached XP level 10. HP: 58/58 MP: 15/25
 12643 | D:9      | Reached skill level 5 in Fighting
 13149 | D:9      | Reached skill level 10 in Spellcasting
 13494 | D:10     | Entered Level 10 of the Dungeon
 13807 | D:10     | Found a staircase to the Lair.
 13817 | D:10     | Offered knowledge of Throw Frost by Vehumet.
 14156 | D:10     | Reached *** piety under Vehumet
 14515 | D:10     | Reached XP level 11. HP: 57/64 MP: 15/27
 14660 | D:10     | Found a roughly hewn altar of Beogh.
 14660 | D:10     | Found a staircase to the Orcish Mines.
 14675 | D:10     | Reached skill level 5 in Summonings
 14681 | D:10     | Noticed Josephine
 14945 | D:9      | Killed Josephine
 14945 | D:9      | Reached skill level 10 in Conjurations
 15079 | D:10     | Noticed Maurice
 15105 | D:9      | HP: 2/64 [wraith[Josephine] (15)]
 15314 | D:10     | Killed Maurice
 15883 | D:10     | Killed an unseen horror
 15883 | D:10     | Offered knowledge of Throw Icicle by Vehumet.
 16705 | Lair:1   | Entered Level 1 of the Lair of Beasts
 16747 | Lair:1   | Reached skill level 11 in Spellcasting
 16786 | Lair:1   | Reached skill level 5 in Dodging
 17028 | Lair:1   | Noticed a seven-headed hydra
 17097 | Lair:1   | Reached skill level 10 in Fire Magic
 17376 | Lair:1   | Reached skill level 5 in Hexes
 17541 | Lair:1   | You fall through a shaft!
 17571 | Lair:2   | Reached **** piety under Vehumet
 17616 | Lair:2   | Found a frozen archway.
 17634 | Lair:2   | Offered knowledge of Olgreb's Toxic Radiance by Vehumet.
 17728 | IceCv    | Entered an ice cave
 17819 | IceCv    | Noticed a white ugly thing
 17831 | IceCv    | Killed a white ugly thing
 18379 | IceCv    | Reached XP level 12. HP: 57/70 MP: 15/29
 18849 | IceCv    | Got a bloodstained scale mail
 18876 | IceCv    | Identified the +3 scale mail "Wemygoub" {+Inv rF+ rCorr
                  | Str+4} (You took it off a gnoll sergeant on level 7 of the
                  | Dungeon)
 18886 | IceCv    | Identified the +2 scale mail of Idealism {Int+3} (You found
                  | it in an ice cave)
 19296 | Lair:1   | Killed a seven-headed hydra
 19618 | Lair:2   | Reached skill level 12 in Spellcasting
 19688 | Lair:2   | You fall through a shaft for 2 floors!
 19871 | Lair:2   | Noticed a death yak
 19883 | Lair:2   | Killed a death yak
 20798 | Lair:3   | Found a staircase to the Snake Pit.
 20954 | Lair:3   | Noticed a six-headed hydra
 20960 | Lair:3   | Killed a six-headed hydra
 21436 | Lair:3   | Found a staircase to the Shoals.
 21835 | Lair:4   | Reached skill level 13 in Spellcasting
 22013 | Lair:3   | Identified a scroll of acquirement
 22014 | Lair:3   | Got a polished cloak
 22026 | Lair:3   | Identified the +0 cloak of the Moneychanger {rF++} (You
                  | acquired it on level 3 of the Lair of Beasts)
 23241 | Lair:5   | Noticed Kirke
 23244 | Lair:5   | Noticed a seven-headed hydra
 23262 | Lair:5   | Killed a seven-headed hydra
 23492 | Lair:5   | Noticed an eight-headed hydra
 23560 | Lair:5   | Killed Kirke
 23560 | Lair:5   | Reached XP level 13. HP: 78/78 MP: 18/32
 23656 | Lair:5   | Reached ***** piety under Vehumet
 23816 | Lair:5   | Noticed Rupert
 23820 | Lair:5   | Offered knowledge of Orb of Destruction by Vehumet.
 23833 | Lair:5   | Learned a level 7 spell: Orb of Destruction
 23843 | Lair:5   | Demolished by Rupert

Vault maps used:
D:1:      ncdulo_lavacross, st_stairs_8
D:2:      wad_floor_pattern_untrapped, minmay_lizard_king, uniq_terence,
          uniq_robin
D:3:      old_standard_altar, corexii_item_surrounded_by_moat,
          kennysheep_generic_room_7, uniq_natasha
D:5:      grunt_temple_overflow_open, nicolae_overflow_crystal_walls,
          minmay_temple_entry_hall, first_ration
D:6:      uniq_pikel, uniq_duvessa
D:7:      kennysheep_slugbush, roderic_batcave
D:8:      lemuel_doored_altar, old_standard_altar, lemuel_crystal_altar,
          grunt_decor_fettered
D:9:      uniq_gastronok
D:10:     minmay_lair_entry_grove, david_orc_5, grunt_livestock, uniq_maurice,
          uniq_josephine
Temple:   compressed_dpeg_triangle_lava_temple
Lair:1:   minivault_27, grunt_megastairs_4
Lair:2:   portal_ice_cave_entry_ice_beasts, serial_bayou_pond_c,
          nicolae_lair_grove_arrangements, lemuel_fruit_tree
Lair:3:   minmay_shoals_entry_lonely_mermaid, guppyfry_snake_entry_garden,
          beast_lair_carwin_10
Lair:5:   slime_altar_1, serial_bayou_shore_a, uniq_kirke, uniq_rupert
IceCv:    ice_cave_statue_garden_chambered

Skill      XL: |  1  2  3  4  5  6  7  8  9 10 11 12 13 |
---------------+----------------------------------------+-----
Conjurations   | 2 3 4 5 6 7 8 9 10 11 12 | 12.0
Spellcasting   | 4 5 7 8 9 10 11 13 | 13.6
Fire Magic     | 4 5 6 7 8 9 10 | 10.0
Hexes          | 2 3 4 6 8 |  8.0
Fighting       | 2 4 6 7 8 |  8.0
Summonings     | 1 4 7 8 |  8.0
Dodging        | 5 |  5.1
Stealth        | |  2.4

Action                   |  1- 3 |  4- 6 |  7- 9 | 10-12 | 13-15 || total
-------------------------+-------+-------+-------+-------+-------++-------
Melee: Unarmed           |     1 |    20 |       |       |       ||    21
       Scimitar          |       |       |     8 |    19 |       ||    27
       Staff             |       |       |       |     5 |       ||     5
 Cast: Flame Tongue      |    70 |   129 |   239 |   332 |     4 ||   774
       Conjure Flame     |     4 |     4 |    13 |    23 |       ||    44
       Throw Flame       |     2 |    30 |    57 |    73 |       ||   162
       Sticky Flame      |       |     1 |    18 |    59 |     2 ||    80
       Confuse           |       |       |     8 |     6 |       ||    14
       Fireball          |       |       |     3 |    40 |       ||    43
       Summon Mana Viper |       |       |       |    61 |     9 ||    70
 Abil: Stop Flying       |       |       |       |     1 |       ||     1
       Evoke Flight      |       |       |       |     1 |       ||     1
Evoke: Wand              |       |       |     4 |     4 |       ||     8
  Use: Scroll            |       |       |     4 |    16 |     1 ||    21
       Potion            |       |       |     1 |    10 |       ||    11
 Stab: Confused          |       |     1 |       |       |       ||     1
       Sleeping          |       |       |       |     1 |       ||     1
  Eat: Chunk             |     4 |     7 |    16 |    27 |       ||    54
       Ration            |       |     1 |     2 |     6 |       ||     9
Armor: Robe              |     1 |     5 |    11 |    54 |     1 ||    72
       Skin              |       |     3 |       |       |       ||     3
Dodge: Dodged            |     7 |    46 |    49 |   138 |     4 ||   244
       Rpst.: Scimitar   |       |       |    16 |    25 |       ||    41

Table legend:
 A = Non-vault XP
 B = Vault XP
 C = Vault XP percentage of total XP
 D = Non-vault monster count
 E = Vault monster count
 F = Vault count percentage of total count
                 A         B        C        D         E       F
            +---------+---------+-------+---------+---------+-------
      Total |   24540 |   15927 |  39.4 |     289 |     128 |  30.7
            +---------+---------+-------+---------+---------+-------
        D:1 |      40 |       4 |   9.1 |      21 |       3 |  12.5
        D:2 |      62 |      81 |  56.6 |      19 |      21 |  52.5
        D:3 |     232 |      51 |  18.0 |      35 |       3 |   7.9
        D:4 |     267 |       0 |   0.0 |      14 |       0 |   0.0
        D:5 |     341 |       0 |   0.0 |      10 |       0 |   0.0
        D:6 |    1514 |     833 |  35.5 |      29 |       3 |   9.4
        D:7 |    1103 |      47 |   4.1 |      31 |      17 |  35.4
        D:8 |    1075 |       0 |   0.0 |      17 |       0 |   0.0
        D:9 |    1434 |    1625 |  53.1 |      16 |       4 |  20.0
       D:10 |    2610 |    4349 |  62.5 |      19 |      42 |  68.9
     Lair:1 |    3729 |     274 |   6.8 |      17 |       1 |   5.6
     Lair:2 |    3126 |    1042 |  25.0 |      17 |       8 |  32.0
     Lair:3 |    1750 |    3148 |  64.3 |       8 |      11 |  57.9
     Lair:4 |    3729 |     169 |   4.3 |      18 |       1 |   5.3
     Lair:5 |    3528 |    1430 |  28.8 |      18 |       3 |  14.3
      IceCv |       0 |    2874 | 100.0 |       0 |      11 | 100.0
            +---------+---------+-------+---------+---------+-------
